 Dungeon Crawl Stone Soup version 0.25.0-26-g0c896c7088 (webtiles) character file.

Game seed: 3715366147221582845

95 funkygono the Covered (level 4, 0/41 HPs)
             Began as a Minotaur Fighter on July 6, 2020.
             Slain by Crazy Yiuf
             ... wielding a +3 quarterstaff of chaos
              (7 damage)
             ... on level 2 of the Dungeon.
             The game lasted 00:03:58 (1589 turns).

funkygono the Covered (Minotaur Fighter)            Turns: 1589, Time: 00:03:59

Health: 0/41       AC:  9    Str: 21    XL:     4   Next: 39%
Magic:  1/3        EV:  5    Int:  5    God:
Gold:   109        SH:  9    Dex: 10    Spells: 3/3 levels left

rFire    . . .     SeeInvis .   a - +1 flail
rCold    . . .     Gourm    .   c - +0 kite shield
rNeg     . . .     Faith    .   o - +0 chain mail
rPois    .         Spirit   .   (helmet restricted)
rElec    .         Reflect  .   (no cloak)
rCorr    .         Harm     .   (no gloves)
MR       .....                  (no boots)
Stlth    ..........             (no amulet)
HPRegen  0.13/turn              (no ring)
MPRegen  0.08/turn              (no ring)

@: mighty, lethally poisoned (0 -> -4)
A: retaliatory headbutt, horns 2
a: no special abilities


You were on level 2 of the Dungeon.
You were not hungry.

You visited 1 branch of the dungeon, and saw 4 of its levels.

You collected 109 gold pieces.

Inventory:

Hand Weapons
 a - a +1 flail (weapon)
Missiles
 i - 18 sling bullets
 j - 44 arrows
 k - 28 stones (quivered)
Armour
 c - a +0 kite shield (worn)
 o - a +0 chain mail (worn)
Scrolls
 e - a scroll of identify
 h - a scroll of enchant weapon
 m - a scroll of fear
Potions
 g - 2 potions of resistance {unknown}
 l - a potion of lignification
 n - 3 potions of curing {unknown}
 p - a potion of haste {unknown}
Comestibles
 f - 4 rations


   Skills:
 + Level 4.6 Fighting
 + Level 2.9 Maces & Flails
 + Level 4.6 Armour
 + Level 0.2 Dodging
 + Level 4.4 Shields


You had 3 spell levels left.
You didn't know any spells.
Your spell library was empty.

Dungeon Overview and Level Annotations

Branches:
Dungeon (4/15)
 Temple: D:4-7

Altars:
Okawaru

Annotations:
D:2 Crazy Yiuf


Innate Abilities, Weirdness & Mutations

You reflexively headbutt those who attack you in melee.
You have a pair of horns on your head.


Message History

Your shield and chain mail prevent you from hitting Crazy Yiuf.
Crazy Yiuf hits you with a +3 quarterstaff of chaos.
You are poisoned.
You hit Crazy Yiuf but do no damage.
You feel sick.
Crazy Yiuf hits you with a +3 quarterstaff of chaos!
Crazy Yiuf freezes you.
Your shield and chain mail prevent you from hitting Crazy Yiuf.
You feel sick. You block Crazy Yiuf's attack. Crazy Yiuf completely misses you.
You hit Crazy Yiuf.
Crazy Yiuf is lightly wounded.
Crazy Yiuf hits you with a +3 quarterstaff of chaos.
* * * LOW HITPOINT WARNING * * *
Crazy Yiuf draws strength from your wounds!
You feel very mighty all of a sudden.
You feel sick. You block Crazy Yiuf's attack.
You sock Crazy Yiuf! Your headbutt misses Crazy Yiuf.
Crazy Yiuf is heavily wounded.
You feel sick.
Crazy Yiuf hits you with a +3 quarterstaff of chaos!
You die...

#....####.#
#....# #.#
#....# #.###
#...## #...#
##.## ###.#
#.## #.#
##.# #.#
#.## #.#
##@# #.# #g#
#.# ... #.#
### #...#
#.# # #.#
#..)# #.# #
#.# #####
#<# # #.#
###.### .
#.#####
#.....#
#.....#
##.###.#####


You could see Crazy Yiuf.

Vanquished Creatures
  An orc wizard (D:4)
  An adder (D:3)
  3 oozes
  A worm (D:4)
  A dart slug (D:2)
  4 leopard geckos
  4 orcs (D:4)
  A giant cockroach (D:1)
  3 goblins
  3 hobgoblins
  7 kobolds
  A quokka (D:2)
  2 bats (D:1)
  A frilled lizard (D:1)
  A leopard gecko skeleton (D:4)
  A rat (D:1)
35 creatures vanquished.

Notes
Turn   | Place    | Note
-------+----------+-------------------------------------------
     0 | D:1      | funkygono the Minotaur Fighter began the quest for the Orb.
     0 | D:1      | Reached XP level 1. HP: 19/19 MP: 0/0
    54 | D:1      | Reached XP level 2. HP: 27/27 MP: 1/1
   748 | D:2      | Reached XP level 3. HP: 33/33 MP: 2/2
   823 | D:2      | You fall into a shaft and drop 2 floors!
   917 | D:4      | Found an iron altar of Okawaru.
   944 | D:4      | Reached XP level 4. HP: 38/41 MP: 3/3
  1416 | D:2      | Found a runed translucent door.
  1417 | D:2      | Noticed Crazy Yiuf
  1589 | D:2      | Slain by Crazy Yiuf

Illustrated notes

Levels and vault maps discovered:
D:1:      scummos_arrival_star, layout_loops_ring, patterned_corridor
D:2:      layout_loops_ring, marbit_many_paths, kennysheep_generic_room_16,
          uniq_crazy_yiuf_cottage
D:3:      layout_loops_ring, nicolae_overflow_hidden_temple, uniq_grinder
D:4:      layout_rooms, okawaru_ov_weapons_minmay

Skill      XL: |  1  2 |
---------------+-------+-----
Fighting       | 4 |  4.6
Armour         | 4 |  4.6
Shields        | 4 |  4.4
Maces & Flails | |  2.9
Dodging        | |  0.2

Action                   |  1- 3 |  4- 6 || total
-------------------------+-------+-------++-------
Melee: Flail             |    64 |    30 ||    94
       Headbutt          |    10 |     1 ||    11
  Use: Scroll            |     5 |       ||     5
       Potion            |       |     1 ||     1
  Eat: Chunk             |       |     2 ||     2
Armor: Scale mail        |     9 |       ||     9
       Chain mail        |     8 |     5 ||    13
Dodge: Dodged            |    18 |     7 ||    25
Block: Kite shield       |    34 |    16 ||    50
